 Dungeon Crawl Stone Soup version 0.28-a0-1356-g2ad6d04315 (webtiles) character file.

Game seed: 15655911223778915231

3790 Teslajakalope the Protected (level 9, -12/83 HPs)
             Began as a Minotaur Fighter on Dec 30, 2021.
             Was a Believer of Okawaru.
             Killed from afar by an electric eel (17 damage)
             ... with a bolt of electricity
             ... on level 8 of the Dungeon.
             The game lasted 00:50:09 (7579 turns).

Teslajakalope the Protected (Minotaur Fighter)      Turns: 7579, Time: 00:50:10

Health: -12/83     AC:  8    Str: 26    XL:     9   Next: 95%
Magic:  8/8        EV: 10    Int:  5    God:    Okawaru [**....]
Gold:   660        SH: 11    Dex: 15    Spells: 8/8 levels left

rFire   . . .      SeeInvis .   f - +10 war axe of the Twelve Artists {venom, Dex+6}
rCold   . . .      Faith    .   t - +0 kite shield
rNeg    . . .      Spirit   .   r - +0 steam dragon scales
rPois   .          Reflect  .   (helmet restricted)
rElec   .          Harm     .   (no cloak)
rCorr   .          Rampage  .   (no gloves)
Will    .....                   u - +0 pair of boots
Stlth   +.........              k - amulet of regeneration
HPRegen 1.03/turn               (no ring)
MPRegen 0.11/turn               (no ring)

@: no status effects
A: horns 2, retaliatory headbutt
a: Renounce Religion, Heroism


You were on level 8 of the Dungeon.
You worshipped Okawaru.
Okawaru was pleased with you.
You visited 2 branches of the dungeon, and saw 9 of its levels.
You also visited: Ossuary.

You collected 660 gold pieces.

Inventory:

Hand Weapons
 f - the +10 war axe of the Twelve Artists (weapon) {venom, Dex+6}
   (You acquired it on level 4 of the Dungeon)

   It poisons the flesh of those it strikes.
   Dex:       It affects your dexterity (+6).
Missiles
 a - a throwing net
 g - 349 stones
 h - 13 poisoned darts (quivered)
 s - 11 boomerangs
Armour
 r - +0 steam dragon scales (worn)
 t - a +0 kite shield (worn)
 u - a +0 pair of boots (worn)
Jewellery
 k - an amulet of regeneration (around neck)
 y - a ring of poison resistance
Wands
 o - a wand of acid (4)
Scrolls
 e - 8 scrolls of teleportation
 l - a scroll of acquirement
 n - a scroll of torment
 w - a scroll of amnesia {unknown}
 x - a scroll of enchant armour {unknown}
Potions
 c - 2 potions of ambrosia
 d - a potion of might
 i - 5 potions of curing
 j - 2 potions of haste
 m - 2 potions of heal wounds
 p - a potion of cancellation {unknown}
 q - a potion of magic
 v - a potion of lignification {unknown}


   Skills:
 + Level 9.3 Fighting
 + Level 8.9 Axes
 + Level 9.4 Armour
 + Level 9.3 Shields


You had 8 spell levels left.
You didn't know any spells.
Your spell library contained the following spells:

 Spells                   Type           Power      Damage    Failure   Level
 Pain                     Necr           0%         1d4       73%         1
 Shock                    Conj/Air       0%         1d3       73%         1
 Portal Projectile        Hex/Tloc       0%         N/A       97%         3
 Swiftness                Air            0%         N/A       97%         3
 Vampiric Draining        Necr           0%         2d6       97%         3
 Airstrike                Air            0%         N/A       100%        4
 Leda's Liquefaction      Hex/Erth       0%         N/A       100%        4
 Animate Skeleton         Necr           Unusable   N/A       N/A         1
 Call Canine Familiar     Summ           Unusable   N/A       N/A         3

Dungeon Overview and Level Annotations

Branches:
Dungeon (8/15)             Temple (1/1) D:5         Ossuary (visited)
   Lair: D:8-11

Altars:
Ashenzari
Cheibriados
Dithmenos
Elyvilon
Gozag
Makhleb
Nemelex Xobeh
Okawaru
Qazlal
Ru
Sif Muna
Uskayaw
Vehumet
Wu Jian
Xom
Zin
The Shining One

Annotations:
D:8 Erica


Innate Abilities, Weirdness & Mutations

You have a pair of horns on your head.
You reflexively headbutt those who attack you in melee.


Message History

There is an open door here.
You see here a +0 leather armour.
There is a stone staircase leading down here.
You climb downwards.
Level annotation: Erica The electric eel shoots out a bolt of lightning at you!
The bolt of electricity hits you!
The electric eel shoots out a bolt of lightning at you!
The bolt of electricity hits you.
There is a stone staircase leading up here.
Found a bubbling brown potion.
Found a potion of curing.
j - 2 bubbling brown potions (gained 1)
i - 5 potions of curing (gained 1)
Found a scroll of identify.
b - a scroll of identify
As you read the scroll of identify, it crumbles to dust.
j - 2 potions of haste An orc warrior comes into view.
It is wielding a +0 trident.
You see here 13 gold pieces.
An electric eel comes into view.
The electric eel shoots out a bolt of lightning at you!
The bolt of electricity hits you. The bolt of electricity hits you!
The electric eel shoots out a bolt of lightning at you!
The bolt of electricity hits you! x2
The electric eel shoots out a bolt of lightning at you!
The bolt of electricity hits you!
The electric eel shoots out a bolt of lightning at you!
The bolt of electricity hits you! The bolt of electricity hits you.
* * * LOW HITPOINT WARNING * * *
The electric eel shoots out a bolt of lightning at you!
The bolt of electricity hits you!
* * * LOW HITPOINT WARNING * * *
An electric eel comes into view.
The electric eel shoots out a bolt of lightning at you!
The bolt of electricity hits you!
* * * LOW HITPOINT WARNING * * *
The electric eel shoots out a bolt of lightning at you!
The bolt of electricity hits you!
You die...

........###..###..##.......#
.......##
##..###.........### ......##
##..##............ .#...##
##....<.......... ....##
######............... .....
..................... ......
..........#..#.......
.......
......#...##.####.#..
........#######.@.##$# .#
...................#.# .
.................
.8≈≈≈≈≈S≈≈≈8......
.≈≈≈≈≈≈≈≈≈≈≈...#..
.≈≈≈≈≈≈≈≈≈≈≈...##..
.≈≈≈≈≈≈≈≈S≈≈.......♣
.≈≈≈≈8S8S≈≈≈..... o♣
.≈≈≈≈≈⌠≈≈≈≈≈...#.


You could see 4 electric eels.

Vanquished Creatures
  A manticore (D:6)
  Grinder (D:2)
  A steam dragon (D:5)
  2 water moccasins
  An orc warrior (D:7)
  2 sky beasts
  A necrophage (D:6)
  4 ogres
  A phantom (D:6)
  A centaur (D:8)
  A kobold brigand (D:6)
  2 bullfrogs
  A gnoll sergeant (D:6)
  2 scorpions (D:6)
  A water moccasin zombie (D:6)
  2 water moccasin skeletons
  9 killer bees
  4 wights (D:7)
  A howler monkey (D:7)
  A human zombie (Ossuary)
  A bullfrog zombie (D:7)
  A hound (D:5)
  3 bullfrog skeletons
  3 centaur zombies
  Jessica (D:3)
  3 iguanas (D:5)
  6 orc wizards
  A hound zombie (D:5)
  3 mummies
  Robin (D:3)
  A howler monkey skeleton (D:5)
  7 adders
  8 gnolls
  2 shadow imps
  3 white imps (D:6)
  3 ufetubi
  5 worms
  3 dart slugs
  15 orcs
  7 endoplasms
  3 giant cockroaches (D:1)
  22 goblins
  7 hobgoblins
  8 jackals
  A quokka (D:5)
  5 ball pythons
  4 bats
  6 frilled lizards
  3 goblin zombies (Ossuary)
  3 hobgoblin zombies (Ossuary)
  6 kobolds
  6 orc zombies (Ossuary)
  2 rats (D:1)
192 creatures vanquished.

Vanquished Creatures (others)
  5 fungi
  2 plants
7 creatures vanquished.

Grand Total: 199 creatures vanquished

Notes
Turn   | Place    | Note
-------+----------+-------------------------------------------
     0 | D:1      | Teslajakalope the Minotaur Fighter began the quest for the
                  | Orb.
     0 | D:1      | Reached XP level 1. HP: 19/19 MP: 0/0
   386 | D:1      | Reached XP level 2. HP: 27/27 MP: 1/1
  1223 | D:2      | Reached XP level 3. HP: 33/33 MP: 2/2
  1343 | D:2      | Found a faded altar of an unknown god.
  1627 | D:2      | Reached XP level 4. HP: 33/40 MP: 3/3
  1978 | D:3      | Noticed Jessica
  2034 | D:3      | Reached XP level 5. HP: 47/47 MP: 4/4
  2253 | D:3      | Noticed Grinder
  2327 | D:4      | Reached skill level 5 in Armour
  2329 | D:4      | Reached skill level 5 in Fighting
  2329 | D:4      | Reached skill level 5 in Shields
  2371 | D:2      | Reached XP level 6. HP: 7/56 MP: 5/5
  2384 | D:2      | Paralysed by Grinder for 5 turns
  2399 | D:2      | Paralysed by Grinder for 7 turns
  2451 | D:2      | Killed Grinder
  2543 | D:3      | Killed Jessica
  2826 | D:3      | Reached XP level 7. HP: 62/62 MP: 6/6
  2836 | D:3      | Noticed Robin
  2854 | D:3      | Killed Robin
  3097 | D:4      | Reached skill level 5 in Axes
  3224 | D:4      | Identified a scroll of acquirement
  3224 | D:4      | Acquired the +10 war axe of the Twelve Artists {venom,
                  | Dex+6}
  3396 | D:5      | Entered Level 5 of the Dungeon
  3442 | D:5      | Found a sand-covered staircase.
  3451 | Ossuary  | Entered an ossuary
  4352 | D:5      | Noticed a steam dragon
  4361 | D:5      | Killed a steam dragon
  4381 | D:5      | Reached XP level 8. HP: 68/71 MP: 7/7
  4397 | D:5      | Found a white marble altar of Elyvilon.
  4569 | D:5      | Found an iron altar of Okawaru.
  4861 | D:5      | Found a staircase to the Ecumenical Temple.
  4886 | Temple   | Entered the Ecumenical Temple
  5368 | D:5      | Became a worshipper of Warmaster Okawaru
  5598 | D:6      | Reached * piety under Okawaru
  5973 | D:6      | Noticed a manticore
  5979 | D:7      | Reached XP level 9. HP: 69/81 MP: 8/8
  6057 | D:6      | Killed a manticore
  6179 | D:6      | Reached ** piety under Okawaru
  7356 | D:8      | Found a radiant altar of Vehumet.
  7356 | D:8      | Found a sacrificial altar of Ru.
  7361 | D:8      | Found a snail-covered altar of Cheibriados.
  7400 | D:8      | Noticed Erica
  7578 | D:8      | HP: 4/83 [electric eel/bolt of electricity (7)]
  7579 | D:8      | Killed from afar by an electric eel

Illustrated notes

Levels and vault maps discovered:
D:1:      dpeg_arrival_shelter, layout_rooms, serial_corexii_hall,
          chequers_hall_statues_corner_a, corexii_hall_statues_x,
          minmay_hedge_maze, chequers_big_river, kennysheep_minor_cross
D:2:      layout_basic, shapermc_ecumenical_altar_mp_urbaneastern,
          ebering_dispersal_statue_hall, roderic_nine_men_s_morris
D:3:      kennysheep_goblin_castle, layout_rooms, uniq_jessica, uniq_grinder
D:4:      layout_loops_ring, supply_closet_lemuel
D:5:      layout_loops_ring, lemuel_coloured_pillars_altar,
          mainiacjoe_overflow_boulevard, temple_hall, gup_ossuary_entry_pyramid
D:6:      minmay_skewed_foursquare, layout_basic, cheibrodos_sewer_entry_bend
D:7:      layout_gridville, serial_bayou_pond_e, serial_bayou_pond_d
D:8:      layout_cave_pods, trog_butcher_becter, grunt_temple_overflow_open,
          lair_entry_dummy, serial_park, serial_park_tiny_pond,
          serial_park_fountain, serial_park_tiny_1, serial_park_tiny_1,
          serial_park_square3 [serial_park_minivault_5x5_8], ebering_ghost_xom,
          uniq_psyche, uniq_erica
Temple:   minmay_temple_forest_path

Skill      XL: |  1  2  3  4  5  6  7  8  9 |
---------------+----------------------------+-----
Armour         | 4 5 6 7 9 |  9.4
Fighting       | 4 5 6 7 9 |  9.3
Shields        | 4 5 6 7 9 |  9.3
Axes           | 3 4 6 7 8 |  8.9

Action                   |  1- 3 |  4- 6 |  7- 9 || total
-------------------------+-------+-------+-------++-------
Melee: War axe           |    70 |    86 |   206 ||   362
       Headbutt          |    15 |    18 |    41 ||    74
Throw: Stone             |     9 |    34 |    10 ||    53
       Dart              |       |       |    13 ||    13
  Use: Scroll            |       |       |    11 ||    11
 Stab: Sleeping          |       |       |     1 ||     1
Armor: Scale mail        |    21 |    59 |    28 ||   108
       Steam dragon scal |       |       |    46 ||    46
Dodge: Dodged            |    19 |    60 |   101 ||   180
Block: Buckler           |    15 |    40 |    28 ||    83
       Kite shield       |       |       |    60 ||    60

Table legend: (Time is in decaauts)
 A = Elapsed time spent in this place.
 B = Non-inter-level travel time spent in this place.
 C = Inter-level travel time spent in this place.
 D = Time resting spent in this place.
 E = Time spent auto-exploring this place.
 F = Levels seen in this place.
 G = Mean time per level.
                   A        B        C        D        E       F      G
               +--------+--------+--------+--------+--------+-----+--------+
         Total |   7724 |   6932 |    792 |    614 |   2756 |  10 |  772.4 |
       Dungeon |   7198 |   6441 |    757 |    614 |   2385 |   8 |  899.8 |
        Temple |    378 |    343 |     35 |      0 |    330 |   1 |  378.0 |
       Ossuary |    146 |    146 |      0 |      0 |     41 |   1 |  146.0 |
               +--------+--------+--------+--------+--------+-----+--------+

Top non-repeatable levels by time:
     D:6: 1157 daAuts
     D:1: 1141 daAuts
     D:3: 1071 daAuts
     D:5: 997 daAuts
     D:2: 954 daAuts
     D:4: 867 daAuts
     D:7: 820 daAuts
  Temple: 378 daAuts
     D:8: 188 daAuts
 Ossuary: 146 daAuts
